AoeStats
← Kraken

Arabian Desert

510425351Analyzed
1v1 RM · 15h ago on Oct 1, 2026· 44m 48s· 2 players
Game mode
Random Map
Map size
Tiny (2 player)
Population
200
Speed
Normal
Resources
Standard
Victory
Conquest
Starting age
Dark Age
Ending age
Imperial Age
RankedLock teamsTeams togetherTeam positionsShared explorationLock speedFull tech treeHidden civsTurbo modeCheats
Victory
Defeat
🇺🇸 Franks · United States
1376
+15
🇦🇷 Italians · Argentina
1351
-15
Kraken
4:54 Loom
9:17 Feudal Age
10:59 Double-Bit Axe
19:05 Castle Age
17:03 Fletching
22:25 Husbandry
22:44 Bloodlines
23:13 Bow Saw
26:22 Horse Collar
29:49 Bodkin Arrow
32:39 Padded Archer Armor
32:43 Gold Mining
34:21 Ballistics
35:11 Leather Archer Armor
43:24 Imperial Age
44:35 Bracer
Twix
7:18 Loom
9:08 Feudal Age
9:55 Double-Bit Axe
14:22 Fletching
14:42 Forging
19:45 Wheelbarrow
23:50 Castle Age
23:55 Scale Barding Armor
24:20 Gold Mining
25:05 Chain Barding Armor
25:21 Iron Casting
25:03 Bow Saw
25:31 Hand Cart
30:17 Husbandry
32:58 Town Watch
39:54 Imperial Age
38:05 Gold Shaft Mining
38:24 Stone Mining
41:20 Plate Barding Armor
40:06 Cavalier
41:27 Hoardings
41:06 Bodkin Arrow
41:06 Light Cavalry
41:44 Capped Ram
41:48 Paladin
42:55 Masonry
43:11 Conscription
Connection lost

Rejoining the realm…

Still unreachable

The connection could not be restored.

Session expired

The server has moved on; the page needs a fresh start.